 Dungeon Crawl Stone Soup version 0.31.0-12-g77e489cdc1 (webtiles) character file.

Game seed: 11751717821448129537

134222 dirge the Severer (level 17, -2/231 (237) HPs)
             Began as a Hill Orc Berserker on Feb 20, 2024.
             Was the Champion of Trog.
             Killed from afar by a deep elf zephyrmancer (4 damage)
             ... with a bolt of lightning
             ... on level 1 of the Elven Halls on Feb 21, 2024.
             The game lasted 01:16:51 (22642 turns).

dirge the Severer (Hill Orc Berserker)             Turns: 22642, Time: 01:16:52

HP:   -2/231 (237)  AC: 26    Str: 30    XL:     17   Next: 16%
MP:   17/17         EV: 12    Int:  7    God:    Trog [******]
Gold: 1536          SH:  6    Dex: 14    Spells: 16/16 levels left

rFire   + . .        b - +8 broad axe (heavy)
rCold   + . .        V - +0 buckler "Himy" {rElec Str+2 Dex+4}
rNeg    . . .        Z - +2 plate armour {rC+}
rPois   +            f - +0 helmet
rElec   +            (no cloak)
rCorr   .            L - +2 pair of gloves
SInv    .            n - +2 pair of boots {Fly}
Will    +....        A - amulet of regeneration Stlth
                     u - ring of protection from fire
HPRegen 1.38/turn    T - ring of poison resistance
MPRegen 0.15/turn

%: no passive effects
@: berserking, flying, lightly drained, very quick
A: no striking features
a: Renounce Religion, Berserk, Trog's Hand, Brothers in Arms


You were on level 1 of the Elven Halls.
You worshipped Trog.
Trog was exalted by your worship.
You visited 6 branches of the dungeon, and saw 25 of its levels.
You also visited: Sewer, Gauntlet and Ice Cave.

You collected 2246 gold pieces.
You spent 710 gold pieces at shops.

Inventory:

Hand Weapons
 a - the +5 broad axe "Dauhiw" {flame, rCorr}
   (You acquired it on level 7 of the Dungeon)

   rCorr:     It protects you from acid and corrosion.
 b - a +8 heavy broad axe (weapon)
 o - the +9 whip of Mutilation {speed, rC+ Int+2}
   (You found it on level 3 of the Dungeon)

   Int+2:     It affects your intelligence (+2).
   rC+:       It protects you from cold.
 S - a +4 heavy executioner's axe
 X - a +2 vampiric war axe
Missiles
 c - 7 curare-tipped darts
 j - 3 javelins (quivered)
 q - 6 darts of dispersal
 F - 44 poisoned darts
 M - 5 throwing nets
Armour
 f - a +0 helmet (worn)
 g - a +0 tower shield
 n - a +2 pair of boots of flying (worn)
 L - a +2 pair of gloves (worn)
 V - the +0 buckler "Himy" (worn) {rElec Str+2 Dex+4}
   (You bought it in a shop on level 13 of the Dungeon)

   Str+2:     It affects your strength (+2).
   Dex+4:     It affects your dexterity (+4).
   rElec:     It insulates you from electricity.
 Z - a +2 plate armour of cold resistance (worn)
Jewellery
 m - a ring of flight
 p - a +6 ring of strength
 u - a ring of protection from fire (left hand)
 y - a ring of willpower
 A - an amulet of regeneration (around neck)
 B - a ring of willpower
 O - the ring of Free Will {Fire rN+ Dex+2 Stlth+}
   (You found it in a Gauntlet)

   [ring of fire]

   Fire:      It enhances your fire magic.
   Dex+2:     It affects your dexterity (+2).
   rF+:       It protects you from fire.
   rC-:       It makes you vulnerable to cold.
   rN+:       It protects you from negative energy.
   Stlth+:    It makes you more stealthy.
 T - a ring of poison resistance (right hand)
Wands
 k - a wand of digging (4)
 t - a wand of mindburst (22)
 x - a wand of polymorph (3)
 C - a wand of acid (20)
 D - a wand of iceblast (30)
 K - a wand of flame (52)
 R - a wand of charming (2)
Scrolls
 e - 5 scrolls of teleportation
 r - a scroll of fear
 s - a scroll of revelation
 v - 2 scrolls of blinking
 E - 2 scrolls of fog
 G - a scroll of torment
 Y - 4 scrolls of identify
Potions
 d - 2 potions of haste
 i - a potion of might
 l - 6 potions of cancellation
 z - 2 potions of enlightenment
 J - 2 potions of magic
 N - 2 potions of ambrosia
 P - 5 potions of curing
 Q - 4 potions of berserk rage
 U - 3 potions of invisibility
 W - 3 potions of attraction
Miscellaneous
 h - a lightning rod (4/4)
 H - a phantom mirror
 I - a condenser vane


   Skills:
 * Level 16.0 Fighting
 - Level 17.0(18.0) Axes
 - Level 8.0(12.2) Maces & Flails
 * Level 14.3 Throwing
 + Level 12.5 Armour
 + Level 9.5 Dodging
 - Level 10.0 Shields


You had 16 spell levels left.
You didn't know any spells.
Your spell library was empty.

Dungeon Overview and Level Annotations

Branches:
Dungeon (15/15)            Temple (0/1) D:5            Lair (5/5) D:10
 Shoals (0/4) Lair:3       Spider (1/4) Lair:3        Slime (1/5) Lair:4
    Orc (2/2) D:12            Elf (1/3) Orc:2        Vaults (0/5) D:14
 Depths (0/4) D:15          Sewer (visited)           IceCv (visited)
Gauntlet (visited)

Altars:
Ashenzari
Cheibriados
Elyvilon
Fedhas
Hepliaklqana
Makhleb
Nemelex Xobeh
Okawaru
Ru
Trog
Vehumet
Zin
Beogh

Shops:
D:2 !   D:13 [   Orc:1 ?   Orc:2 ?[([

Portals:
Trove: D:12 (give +2 gold dragon scales)

Annotations:
Elf:1 1 runed translucent door


Message History

You slice the water elemental!!
You destroy the water elemental!
Trog accepts your kill. The water engulfing you falls away.
You gasp with relief as air once again reaches your lungs.
You closely miss the +2 long sword of holy wrath.
You barely miss the deep elf zephyrmancer.
You cut the deep elf archer into ribbons!!!
The +2 long sword of holy wrath hits you.
* * * LOW HITPOINT WARNING * * *
The deep elf zephyrmancer closely misses you.
You slice the deep elf archer!!
You kill the deep elf archer!
Trog accepts your kill.
Trog appreciates your killing of a magic user.
You slice the +2 long sword of holy wrath!!
You hit the deep elf zephyrmancer.
The deep elf archer shoots an arrow.
The arrow barely misses you.
The +2 long sword of holy wrath hits you!
* * * LOW HITPOINT WARNING * * *
You hear a shout!
You are too berserk!
You cut the +2 long sword of holy wrath into ribbons!!!!
The +2 long sword of holy wrath falls from the air.
Trog accepts your kill.
You closely miss the deep elf zephyrmancer.
The deep elf zephyrmancer gestures at you while chanting.
The bolt of lightning hits you. You resist.
* * * LOW HITPOINT WARNING * * *
A deep elf zephyrmancer comes into view.
It is wielding a +0 short sword.
You open the deep elf zephyrmancer like a pillowcase!!!
You kill the deep elf zephyrmancer!
Trog accepts your kill.
Trog appreciates your killing of a magic user.
The deep elf knight casts a spell at you.
The shard of ice hits you! You partially resist.
* * * LOW HITPOINT WARNING * * *
The deep elf zephyrmancer casts a spell at you.
The bolt of lightning hits you. You resist.
You die...

## .## # ..
#.###. #..)###
#)@..#
#....)......
#.###........
#.#...#.......
.#. . .......
#.#... .e!....
##e ## .e.....
##.. e..[...


You could see a deep elf archer (repels missiles), a deep elf knight and 2 deep
elf zephyrmancers.

Vanquished Creatures
  A tentacled monstrosity (D:13)
  An acid blob (Slime:1)
  A fire giant (D:15)
  A deep elf sorcerer (Elf:1)
  Louise (D:15)
  An ironbound preserver (D:14)
  2 orc warlords
  A quicksilver ooze (Slime:1)
  Nessos (D:13)
  A deep elf demonologist (Elf:1)
  A minotaur (Gauntlet)
  2 deep elf annihilators (Elf:1)
  Snorg (D:14)
  An entropy weaver (Spider:1)
  8 hydras
  A catoblepas (Lair:5)
  6 centaur warriors
  An ogre mage (D:15)
  8 two-headed ogres
  7 boulder beetles
  14 death yaks
  2 orc high priests (Orc:2)
  An occultist (D:15)
  2 dancing weapons (Elf:1)
  2 demonic crawlers (Spider:1)
  2 skysharks
  4 sixfirhies (Gauntlet)
  Lodul (D:12)
  A glowing orange brain (D:14)
  A steelbarb worm (Spider:1)
  Pikel (D:4)
  3 necromancers
  A lindwurm (Lair:4)
  An orc knight (D:15)
  6 deep elf zephyrmancers (Elf:1)
  7 deep elf pyromancers
  A large abomination (D:13)
  3 deep elf archers (Elf:1)
  A harpy (shapeshifter) (D:13)
  An orc sorcerer (Orc:2)
  4 manticores
  A cyclops (D:15)
  18 ugly things
  2 wolf spiders
  Joseph (D:8)
  5 kobold blastminers
  2 black mambas
  16 elephants
  4 torpor snails
  An ice statue (IceCv)
  7 komodo dragons
  11 cane toads
  Jeremiah (D:8)
  Maggie (D:7)
  4 freezing wraiths (IceCv)
  A kobold demonologist (D:13)
  A rime drake (Lair:2)
  An anaconda simulacrum (IceCv)
  9 ice devils (IceCv)
  2 tengu conjurers (D:14)
  6 polar bears
  4 trolls
  Grinder (D:5)
  A queen bee (shapeshifter) (Elf:1)
  2 tarantellas (Spider:1)
  A wolf spider simulacrum (D:15)
  6 hornets (Lair:5)
  Prince Ribbit (D:8)
  10 dream sheep
  9 blink frogs
  A snapping turtle (Lair:3)
  7 slime creatures
  2 jumping spiders (Spider:1)
  A shadow (D:10)
  2 culicivoras (Spider:1)
  15 spriggans (Lair:5)
  2 water elementals
  4 wyverns
  59 yaks
  2 wraiths
  2 small abominations (D:13)
  2 dire elephant simulacra (IceCv)
  Eustachio (D:5)
  4 basilisks
  A yak (shapeshifter) (Elf:1)
  6 golden eyes (Slime:1)
  2 wargs
  4 vampire mosquitoes (D:13)
  2 death yak simulacra (IceCv)
  6 redbacks
  An acid dragon (D:9)
  2 harpy simulacra (IceCv)
  Duvessa (D:4)
  14 water moccasins
  2 hydra simulacra (IceCv)
  30 orc warriors
  2 ice beasts
  A sky beast (D:8)
  6 black bears
  12 ogres
  2 laughing skulls (D:14)
  A boggart (shapeshifter) (D:15)
  3 boggarts (Lair:5)
  32 wolves
  16 centaurs
  6 kobold brigands
  A phantom (D:6)
  10 bullfrogs
  A brain worm (Sewer)
  A gnoll sergeant (D:9)
  2 earth elementals (Elf:1)
  5 cane toad simulacra (IceCv)
  A two-headed ogre simulacrum (IceCv)
  8 wights (D:8)
  A hornet simulacrum (D:12)
  Dowan (D:4)
  5 elephant simulacra (IceCv)
  An electric eel (D:6)
  2 howler monkeys
  A bombardier beetle (D:6)
  5 jellies
  2 gnoll boudas
  2 hounds
  17 orc priests
  28 orc wizards
  Natasha (thrice) (D:4)
  A spriggan simulacrum (IceCv)
  A troll simulacrum (IceCv)
  3 polar bear simulacra
  A statue (D:6)
  3 yak simulacra (Lair:4)
  11 wolf simulacra
  24 gnolls
  11 adders
  A naga simulacrum (IceCv)
  5 river rats
  A shadow imp (D:7)
  A white imp (D:5)
  2 ufetubi (IceCv)
  4 ribbon worms
  123 orcs
  7 ball pythons
  5 bats
  15 endoplasms
  A giant cockroach (D:1)
  4 goblins
  6 hobgoblins
  10 kobolds
  5 quokkas
  3 frilled lizards
  16 rats
  2 river rat simulacra (Lair:4)
  A butterfly (Lair:1)
855 creatures vanquished.

Vanquished Creatures (collateral kills)
  Jorgrun (D:13)
  A very ugly thing (D:13)
  A rakshasa (D:14)
  A death yak (Lair:5)
  An ugly thing (D:13)
  An ice devil (IceCv)
  A neqoxec (D:13)
  3 ogres (D:12)
  3 small abominations (D:13)
  A kobold brigand (D:13)
  An orc priest (D:12)
15 creatures vanquished.

Vanquished Creatures (others)
  Erica (Orc:1)
  An orc (D:7)
  A ball python (D:4)
3 creatures vanquished.

Grand Total: 873 creatures vanquished

Notes
Turn   | Place    | Note
-------+----------+-------------------------------------------
     0 | D:1      | dirge the Hill Orc Berserker began the quest for the Orb.
     0 | D:1      | Reached XP level 1. HP: 19/19 MP: 1/1
   251 | D:1      | Reached XP level 2. HP: 27/27 MP: 2/2
  1061 | D:2      | Found Cohap's Distillery.
  1159 | D:2      | Reached XP level 3. HP: 33/33 MP: 3/3
  1170 | D:2      | Reached ** piety under Trog
  1245 | D:2      | Reached skill level 1 in Throwing
  1245 | D:2      | Reached XP level 4. HP: 40/40 MP: 4/4
  1247 | D:2      | Reached skill level 5 in Axes
  1925 | D:2      | Found a faded altar of an unknown god.
  2213 | D:3      | Found a sacrificial altar of Ru.
  2278 | D:3      | Reached XP level 5. HP: 46/46 MP: 5/5
  2533 | D:3      | Found a broken altar of Ashenzari.
  2541 | D:3      | Found a hazy altar of Hepliaklqana.
  2543 | D:3      | Found a snail-covered altar of Cheibriados.
  2545 | D:3      | Found a glowing silver altar of Zin.
  2758 | D:3      | Identified the +9 whip of Mutilation {speed, rC+ Int+2}
  2843 | D:3      | Reached skill level 1 in Shields
  2997 | D:4      | Noticed Pikel
  2997 | D:4      | Noticed a lemure
  2997 | D:4      | Noticed a lemure
  2997 | D:4      | Noticed a lemure
  2997 | D:4      | Noticed a lemure
  3008 | D:4      | Killed Pikel
  3009 | D:4      | Reached skill level 6 in Axes
  3009 | D:4      | Reached XP level 6. HP: 55/55 MP: 6/6
  3009 | D:4      | Reached XP level 7. HP: 60/60 MP: 7/7
  3045 | D:4      | Found a glowing drain.
  3050 | D:4      | Noticed Dowan
  3051 | D:4      | Noticed Duvessa
  3057 | D:4      | Killed Dowan
  3058 | D:4      | Reached skill level 5 in Fighting
  3067 | D:4      | Killed Duvessa
  3084 | D:4      | Reached XP level 8. HP: 50/68 MP: 8/8
  3091 | Sewer    | Entered a sewer
  3495 | Sewer    | Reached *** piety under Trog
  3953 | D:4      | Noticed Natasha
  3958 | D:4      | Killed Natasha
  3994 | D:4      | Noticed Natasha
  3998 | D:4      | Killed Natasha
  4128 | D:4      | Noticed Natasha
  4143 | D:4      | Killed Natasha
  4208 | D:5      | Entered Level 5 of the Dungeon
  4226 | D:5      | Found a staircase to the Ecumenical Temple.
  4303 | D:5      | Found a blossoming altar of Fedhas.
  4317 | D:5      | Noticed Grinder
  4333 | D:5      | Killed Grinder
  4334 | D:5      | Noticed Eustachio
  4350 | D:5      | Killed Eustachio
  4351 | D:5      | Reached XP level 9. HP: 75/75 MP: 9/9
  4688 | D:5      | Found a white marble altar of Elyvilon.
  4991 | D:6      | Found a sparkling altar of Nemelex Xobeh.
  5133 | D:6      | Reached **** piety under Trog
  5134 | D:6      | Reached skill level 5 in Shields
  5185 | D:6      | Reached skill level 5 in Maces & Flails
  5301 | D:6      | Reached skill level 7 in Axes
  5687 | D:6      | Found a radiant altar of Vehumet.
  5793 | D:7      | Reached skill level 5 in Armour
  5812 | D:7      | Noticed Maggie
  5812 | D:7      | Found a burning altar of Makhleb.
  5825 | D:7      | Killed Maggie
  5826 | D:7      | Reached skill level 5 in Throwing
  6320 | D:7      | Identified a scroll of acquirement
  6320 | D:7      | Acquired the +5 broad axe "Dauhiw" {flame, rCorr}
  6364 | D:8      | Noticed Prince Ribbit
  6373 | D:8      | Killed Prince Ribbit
  6374 | D:8      | Reached XP level 10. HP: 84/84 MP: 10/10
  6406 | D:8      | Noticed Jeremiah
  6426 | D:8      | Killed Jeremiah
  6427 | D:8      | Reached skill level 8 in Axes
  6470 | D:8      | Noticed Joseph
  6480 | D:8      | Killed Joseph
  7711 | D:9      | Reached skill level 9 in Axes
  7922 | D:9      | Reached XP level 11. HP: 77/92 MP: 11/11
  7991 | D:9      | Reached ***** piety under Trog
  8077 | D:10     | Entered Level 10 of the Dungeon
  8183 | D:10     | Found a staircase to the Lair.
  8391 | D:10     | Noticed a two-headed ogre
  8398 | D:10     | Killed a two-headed ogre
  8697 | Lair:1   | Entered Level 1 of the Lair of Beasts
  8763 | D:10     | Reached skill level 10 in Axes
  8836 | Lair:1   | Reached skill level 5 in Dodging
  8886 | Lair:1   | Received a gift from Trog
  8898 | Lair:1   | Reached XP level 12. HP: 95/102 MP: 12/12
  9000 | Lair:1   | Identified the +4 chain mail of Eqoghoh {+Inv MP+9}
  9019 | Lair:1   | Noticed a death yak
  9019 | Lair:1   | Noticed a death yak
  9020 | Lair:1   | Noticed a death yak
  9020 | Lair:1   | Noticed a death yak
  9020 | Lair:1   | Noticed a death yak
  9033 | Lair:1   | Killed a death yak
  9034 | Lair:1   | Reached skill level 11 in Axes
  9037 | Lair:1   | Killed a death yak
  9040 | Lair:1   | Killed a death yak
  9049 | Lair:1   | Killed a death yak
  9051 | Lair:1   | Killed a death yak
  9568 | Lair:2   | Reached skill level 12 in Axes
  9568 | Lair:2   | Reached skill level 10 in Shields
  9686 | Lair:2   | Reached XP level 13. HP: 82/111 MP: 13/13
 10619 | Lair:3   | Found a sacrificial altar of Ru.
 10646 | Lair:3   | Reached skill level 13 in Axes
 11210 | D:11     | Received a gift from Trog
 11606 | D:12     | Found a portal to a secret trove of treasure.
 11693 | D:12     | Found an iron altar of Okawaru.
 11810 | D:12     | Found a staircase to the Orcish Mines.
 11819 | D:12     | Reached skill level 10 in Fighting
 11825 | D:12     | Noticed Lodul
 11855 | D:12     | Killed Lodul
 11920 | D:12     | Reached skill level 10 in Throwing
 12360 | Orc:1    | Entered Level 1 of the Orcish Mines
 12371 | Orc:1    | Noticed an orc warlord
 12468 | Orc:1    | Killed an orc warlord
 12469 | Orc:1    | Reached skill level 14 in Axes
 12583 | Orc:1    | Found a bloodstained altar of Trog.
 12704 | Orc:1    | Noticed Erica
 12708 | Orc:1    | Killed Erica
 12851 | Orc:1    | Found Paomoushruaho's Magic Scroll Emporium.
 12929 | Orc:2    | Entered Level 2 of the Orcish Mines
 13004 | Orc:2    | Found a roughly hewn altar of Beogh.
 13094 | Orc:2    | Found a staircase to the Elven Halls.
 13193 | Orc:2    | Found a roughly hewn altar of Beogh.
 13194 | Orc:2    | Found Mudidub's Armour Shop.
 13205 | Orc:2    | Reached ****** piety under Trog
 13205 | Orc:2    | Received a gift from Trog
 13285 | Orc:2    | Noticed an orc warlord
 13364 | Orc:2    | Killed an orc warlord
 13365 | Orc:2    | Reached XP level 14. HP: 117/122 MP: 14/14
 13568 | Orc:2    | Found Zibuwkao's Antique Armour Boutique.
 13572 | Orc:2    | Found a roughly hewn altar of Beogh.
 13577 | Orc:2    | Found Qoipeo's Antique Weapon Shop.
 13727 | Orc:2    | Found a roughly hewn altar of Beogh.
 13788 | Orc:2    | Found a roughly hewn altar of Beogh.
 13799 | Orc:2    | Found Ynatof's Magic Scroll Shoppe.
 14211 | Lair:3   | Found a hole to the Spider Nest.
 14349 | Lair:3   | Identified the serpent talisman of Precision Catastrophes
                  | {rF+ Int+5}
 14509 | Lair:3   | Identified the +3 mace "Sigaf" {venom, rElec rPois}
 14584 | Lair:3   | Found a staircase to the Shoals.
 14792 | Lair:4   | Found a frozen archway.
 14801 | IceCv    | Entered an ice cave
 14901 | IceCv    | Reached skill level 15 in Axes
 14988 | IceCv    | Found an ancient bone altar of Kikubaaqudgha.
 14994 | IceCv    | Received a gift from Trog
 15434 | Lair:4   | Reached skill level 10 in Armour
 15916 | Lair:4   | Found a staircase to the Slime Pits.
 16087 | Lair:4   | Received a gift from Trog
 16402 | Lair:5   | Entered Level 5 of the Lair of Beasts
 16476 | Lair:5   | Reached skill level 16 in Axes
 16631 | Lair:5   | Reached XP level 15. HP: 117/132 MP: 15/15
 17349 | Lair:5   | Received a gift from Trog
 17759 | Slime:1  | Entered Level 1 of the Pits of Slime
 17880 | Slime:1  | Noticed an acid blob
 17893 | Slime:1  | Killed an acid blob
 17896 | Slime:1  | Reached skill level 17 in Axes
 18002 | Spider:1 | Entered Level 1 of the Spider Nest
 18471 | D:13     | Noticed Jorgrun
 18480 | D:13     | Killed Jorgrun
 18929 | D:13     | Reached XP level 16. HP: 116/145 MP: 16/16
 18955 | D:13     | Found Luroubisk's Antique Armour Boutique.
 18961 | D:13     | Bought a glowing plate armour for 520 gold pieces
 18961 | D:13     | Bought a faintly glowing buckler for 190 gold pieces
 18961 | D:13     | Identified the +0 buckler "Himy" {rElec Str+2 Dex+4} (You
                  | bought it in a shop on level 13 of the Dungeon)
 19271 | D:13     | Found a runed translucent door.
 19282 | D:13     | Noticed Nessos
 19291 | D:13     | Killed Nessos
 19522 | D:13     | Noticed a tentacled monstrosity
 19531 | D:13     | Killed a tentacled monstrosity
 19908 | D:14     | You fall into a shaft and drop 1 floor!
 19908 | D:15     | Entered Level 15 of the Dungeon
 19912 | D:15     | Noticed Louise
 19914 | D:15     | Found a staircase to the Depths.
 19941 | D:15     | Found a gate leading to a gauntlet.
 19950 | Gauntlet | Entered a Gauntlet
 19950 | Gauntlet | Found a transporter.
 19950 | Gauntlet | Found a transporter.
 20025 | Gauntlet | Found a transporter.
 20025 | Gauntlet | Found a transporter.
 20041 | Gauntlet | Found a transporter.
 20044 | Gauntlet | Found a transporter.
 20064 | Gauntlet | Found a transporter.
 20195 | Gauntlet | Found a transporter.
 20223 | Gauntlet | Received a gift from Trog
 20235 | Gauntlet | Identified the ring of Free Will {Fire rN+ Dex+2 Stlth+}
 20271 | Gauntlet | Found a transporter.
 20284 | Gauntlet | Found a transporter.
 20292 | Gauntlet | Found a transporter.
 20335 | Gauntlet | Found a transporter.
 20534 | D:15     | Killed Louise
 20908 | D:15     | Reached skill level 15 in Fighting
 21851 | D:14     | Found a gate to the Vaults.
 21917 | D:14     | Noticed Snorg
 21939 | D:14     | Killed Snorg
 22302 | Elf:1    | Entered Level 1 of the Elven Halls
 22302 | Elf:1    | Found a runed translucent gate.
 22302 | Elf:1    | Found a runed translucent gate.
 22302 | Elf:1    | Found a runed translucent gate.
 22302 | Elf:1    | Found a runed translucent gate.
 22302 | Elf:1    | Found a runed translucent gate.
 22302 | Elf:1    | Found a runed translucent gate.
 22303 | Elf:1    | Found a runed translucent door.
 22327 | Elf:1    | Found a runed translucent door.
 22376 | Elf:1    | Reached XP level 17. HP: 157/157 MP: 17/17
 22642 | Elf:1    | HP: 2/231 [deep elf knight/shard of ice (13)]
 22642 | Elf:1    | Killed from afar by a deep elf zephyrmancer

Illustrated notes

Levels and vault maps discovered:
D:1:      psy_arrival_radial01, layout_basic, minmay_unequal
D:2:      wad_woods_settlement, layout_basic, serial_shops, shop,
          shapermc_ecumenical_altar_hornbeckon
D:3:      kennysheep_six_static_rooms, layout_loops_cross,
          nicolae_ru_awakened_eye, minitemple
D:4:      layout_rooms, cheibrodos_sewer_entry_sluice, uniq_natasha, uniq_pikel,
          uniq_duvessa
D:5:      layout_loops_ring, general_overflow_altar, fedhas_ov_isle_minmay,
          minmay_temple_entry_waves, palyth_stone_intersect, uniq_grinder,
          uniq_eustachio
D:6:      layout_basic, nemelex_diamond_rough_becter, vehumet_statue,
          kennysheep_nondescript, serial_bayou_lagoon_a
D:7:      layout_rooms, mainiacjoe_overflow_concentric_impassable, uniq_maggie
D:8:      layout_basic, uniq_jeremiah, uniq_joseph, uniq_prince_ribbit1
D:9:      layout_gridville
D:10:     layout_loops_cross, erik_lair_orcish_takeover, minivault_1
D:11:     layout_long_grid, nicolae_elevator_lobby_plus
D:12:     layout_basic, hiddenorc2_lemuel, enter_trove_1, okawaru_gym_becter,
          uniq_lodul
D:13:     cheibrodos_body_horror, layout_irregular_city, serial_shops,
          nicolae_shop_waterfront, uniq_jorgrun, uniq_nessos
D:14:     layout_roguey, hellmonk_vaults_order_and_chaos,
          infiniplex_staircase_door_maze, uniq_snorg
D:15:     grunt_enter_depths_giant_problem, layout_loops_cross,
          solitary_fountain, gauntlet_entry_generic, uniq_louise
Lair:1:   layout_roguey, grunt_megastairs_3, lemuel_fruit_fields,
          serial_bayou_shore_b
Lair:2:   layout_roguey, serial_bayou, serial_bayou_lake_a, serial_bayou_pond_d,
          serial_bayou_ford_a, serial_bayou_pond_d, serial_bayou_shore_b,
          grunt_megastairs_2, lemuel_fruit_tree
Lair:3:   layout_cave_shapes, minmay_shoals_entry_hut, spider_nest_entry_webs,
          basic_altar, lemuel_fruit_fields, serial_bayou_shore_b
Lair:4:   layout_hall_layers, nicolae_slime_entry_slimehenge,
          portal_ice_cave_entry_pillars_1, eino_house_with_fridge,
          infiniplex_staircase_pool_2
Lair:5:   minmay_lair_end_enchanted_forest, layout_loops_ring
Spider:1: layout_spider_delve
Slime:1:  layout_caves
Orc:1:    layout_caves, serial_shops, nicolae_shop_rolled_up, basic_altar,
          uniq_erica
Orc:2:    grunt_orc_community_town_hall, layout_caves,
          grunt_orc_community_big_house_1, grunt_orc_community_big_house_2,
          grunt_orc_community_house_2, grunt_orc_community_house_3,
          grunt_orc_community_house_2, grunt_orc_community_house_1,
          grunt_orc_community_house_3
Elf:1:    nicolae_elf_arrival_dilemma, layout_loops_cross,
          nicolae_elf_crossing_hall, minmay_shop_grove

Skill      XL: |  1  2  3  4  5  6  7  8  9 10 11 12 13 14 15 16 17 |
---------------+----------------------------------------------------+-----
Fighting       | 4 5 6 7 8 9 10 11 13 15 16 | 16.0
Dodging        | 2 3 4 5 6 7 8 9 |  9.5
Throwing       | 1 2 3 4 5 6 7 9 10 11 12 14 | 14.3
Axes           | 5 6 7 9 10 12 14 16 17 | 17.0
Armour         | 3 4 5 6 7 8 9 10 11 12 | 12.5
Shields        | 2 3 4 6 7 9 10 | 10.0
Maces & Flails | 2 3 4 6 7 8 |  8.0

Action                     |  1- 3 |  4- 6 |  7- 9 | 10-12 | 13-15 | 16-18 || total
---------------------------+-------+-------+-------+-------+-------+-------++-------
  Melee: Hand axe          |   103 |    84 |       |       |       |       ||   187
         Whip              |       |    30 |   341 |       |       |       ||   371
         Broad axe         |       |       |     9 |   338 |  1052 |   301 ||  1700
  Throw: Javelin           |       |     1 |    10 |     1 |     6 |     5 ||    23
         Dart              |       |       |     7 |     1 |     8 |       ||    16
 Invoke: Berserk           |     1 |     1 |     4 |     3 |     6 |     4 ||    19
         Trog's Hand       |       |     1 |       |     1 |     3 |     2 ||     7
         Brothers in Arms  |       |       |       |       |     4 |     2 ||     6
  Evoke: Wand              |       |       |       |     1 |     4 |     8 ||    13
         Lightning rod     |       |       |       |       |       |     4 ||     4
    Use: Potion            |       |       |     3 |     2 |     1 |     3 ||     9
         Scroll            |       |       |    10 |    12 |     9 |     9 ||    40
   Stab: Sleeping          |     1 |       |       |       |       |       ||     1
         Distracted        |       |       |       |       |     1 |       ||     1
 Armour: Animal skin       |    24 |       |       |       |       |       ||    24
         Ring mail         |    32 |    75 |    51 |       |       |       ||   158
         Chain mail        |       |       |   121 |   362 |   244 |       ||   727
         Plate armour      |       |       |       |       |   712 |   376 ||  1088
  Dodge: Dodged            |    72 |    45 |    80 |   144 |   354 |   189 ||   884
  Block: Kite shield       |       |    33 |   115 |   246 |   703 |       ||  1097
         Buckler           |       |       |       |       |       |   103 ||   103
